 Dungeon Crawl Stone Soup version 0.29-a0-617-g7a6b98fccd (webtiles) character file.

Game seed: 12531730373764678574

18 Shayle the Sneak (level 2, -1/17 HPs)
             Began as a Tengu Brigand on June 17, 2022.
             Succumbed to an adder's poison
             ... on level 2 of the Dungeon.
             The game lasted 00:02:13 (286 turns).

Shayle the Sneak (Tengu Brigand)                     Turns: 286, Time: 00:02:13

Health: -1/17      AC:  3    Str: 11    XL:     2   Next: 70%
Magic:  3/4        EV: 12    Int: 11    God:
Gold:   38         SH:  0    Dex: 15    Spells: 2/2 levels left

rFire   . . .      SeeInvis .   a - +2 dagger
rCold   . . .      Faith    .   (no shield)
rNeg    . . .      Spirit   .   b - +0 robe
rPois   .          Reflect  .   (helmet restricted)
rElec   .          Harm     .   c - +0 cloak
rCorr   .          Rampage  .   (no gloves)
Will    .....                   (boots unavailable)
Stlth   +++.......              (no amulet)
HPRegen 0.05/turn               (no ring)
MPRegen 0.09/turn               (no ring)

@: lethally poisoned (-1 -> -6)
A: beak, talons 3
a: no special abilities


You were on level 2 of the Dungeon.
You visited 1 branch of the dungeon, and saw 2 of its levels.

You collected 38 gold pieces.

Inventory:

Hand Weapons
 a - a +2 dagger (weapon)
Missiles
 d - 9 poisoned darts (quivered)
 e - 3 curare-tipped darts
Armour
 b - a +0 robe (worn)
 c - a +0 cloak (worn)


   Skills:
 + Level 2.3 Fighting
 - Level 2.1 Short Blades
 - Level 2.0 Throwing
 + Level 1.7 Dodging
 + Level 4.2 Stealth
 + Level 0.8 Spellcasting


You had 2 spell levels left.
You didn't know any spells.
Your spell library was empty.

Dungeon Overview and Level Annotations

Branches:
Dungeon (2/15)

Altars:


Innate Abilities, Weirdness & Mutations

You have a beak for a mouth.
You have claws for feet.


Message History

The bat closely misses you. The bat closely misses you.
You miss the bat. Your kick misses the bat. You peck the bat.
You kill the bat!
A kobold comes into view. It is wielding a +0 short sword.
An adder comes into view.
The adder hisses angrily.
Found 5 gold pieces.
The kobold shouts!
The adder bites you. The adder barely misses you.
You hit the adder.
The adder is lightly wounded.
The adder bites you.
You hit the adder.
The adder is heavily wounded.
The adder bites you.
You are poisoned.
The adder poisons you!
You closely miss the adder. You claw the adder.
The adder is almost dead.
You feel sick. The adder bites you.
You are lethally poisoned!
The adder poisons you!
You hit the adder.
You kill the adder!
* * * LOW HITPOINT WARNING * * *
You feel sick.
You aren't carrying any potions.
You aren't carrying any scrolls.
Unknown command.
You closely miss the kobold. Your kick misses the kobold.
* * * LOW HITPOINT WARNING * * *
You feel sick. The kobold misses you.
Unknown command.
You hit the kobold.
You kill the kobold!
* * * LOW HITPOINT WARNING * * *
You feel sick.
Unknown command.
You die...

.....?.....#.##
..........#.##
.........#.##
.....(..#.##
#...#.#######
###.#......#
#...#.######.
...8.S..#.##
.........#@##
....8.....#.##
$..........#.#
...8........#.#
............
#.. ...........
#... .....####.
...# #### ##
.## #


There were no monsters in sight!

Vanquished Creatures
  An adder (D:2)
  A dart slug (D:2)
  A giant cockroach (D:2)
  A goblin (D:2)
  2 bats (D:2)
  A kobold (D:2)
  A rat (D:2)
8 creatures vanquished.

Notes
Turn   | Place    | Note
-------+----------+-------------------------------------------
     0 | D:1      | Shayle the Tengu Brigand began the quest for the Orb.
     0 | D:1      | Reached XP level 1. HP: 12/12 MP: 2/2
    12 | D:1      | You fall into a shaft and drop 1 floor!
    77 | D:2      | Found a faded altar of an unknown god.
   243 | D:2      | Reached XP level 2. HP: 13/17 MP: 3/3
   286 | D:2      | Succumbed to an adder's poison

Illustrated notes

Levels and vault maps discovered:
D:1:      minmay_arrival_jagged, layout_loops_corners
D:2:      wad_pebble_path, layout_loops_corners, nicolae_ecumenical_lake_church,
          serial_shops, nicolae_shop_temple_entry_statues_fountains,
          grunt_ministairs_11

Action                   || total
-------------------------++-------
Melee: Dagger            ||    18
       Kick              ||     5
       Peck              ||     1
Armor: Robe              ||     4
Dodge: Dodged            ||     9

Table legend: (Time is in decaauts)
 A = Elapsed time spent in this place.
 B = Non-inter-level travel time spent in this place.
 C = Inter-level travel time spent in this place.
 D = Time resting spent in this place.
 E = Time spent auto-exploring this place.
 F = Levels seen in this place.
 G = Mean time per level.
                   A        B        C        D        E       F      G
               +--------+--------+--------+--------+--------+-----+--------+
         Total |    283 |    283 |      0 |      0 |    192 |   2 |  141.5 |
       Dungeon |    283 |    283 |      0 |      0 |    192 |   2 |  141.5 |
               +--------+--------+--------+--------+--------+-----+--------+

Top non-repeatable levels by time:
     D:2: 271 daAuts
     D:1: 12 daAuts
